 Dungeon Crawl Stone Soup version 0.31-a0-188-g5e087ee2ca (webtiles) character file.

Game seed: 13082736269228700350

61 qw the Shooter (level 3, 0/20 HPs)
             Began as a Deep Elf Hunter on June 23, 2023.
             Slain by a hobgoblin (3 damage)
             ... on level 2 of the Dungeon.
             The game lasted 00:00:31 (1646 turns).

qw the Shooter (Deep Elf Hunter)                    Turns: 1646, Time: 00:00:32

Health: 0/20       AC:  7    Str: 10    XL:     3   Next: 83%
Magic:  5/5        EV:  9    Int: 13    God:
Gold:   130        SH:  0    Dex: 18    Spells: 2/2 levels left

rFire   . . .        Y - +4 hand crossbow (freeze)
rCold   . . .        (no shield)
rNeg    . . .        i - +0 scale mail
rPois   .            (no helmet)
rElec   .            (no cloak)
rCorr   .            (no gloves)
SInv    .            o - +0 pair of boots
Will    .....        (no amulet)
Stlth   +            (no ring)
HPRegen 0.23/turn    (no ring)
MPRegen 0.09/turn

%: no passive effects
@: no status effects
A: no striking features
a: no special abilities


You were on level 2 of the Dungeon.
You visited 1 branch of the dungeon, and saw 3 of its levels.

You collected 130 gold pieces.


   Skills:
 - Level 1.5 Fighting
 + Level 7.3 Ranged Weapons
 - Level 2.4 Dodging
 - Level 1.2 Stealth


You had 2 spell levels left.
You didn't know any spells.
Your spell library was empty.

Inventory:

Hand Weapons
 Y - a +4 hand crossbow of freezing (weapon)
Armour
 i - a +0 scale mail (worn)
 o - a +0 pair of boots (worn)
Scrolls
 j - a scroll of identify
Potions
 b - a potion of cancellation
 d - 2 potions of curing
 g - a potion of degeneration {unknown}
 m - a potion of heal wounds {unknown}

Dungeon Overview and Level Annotations

Branches:
Dungeon (3/15)

Altars:

Annotations:
D:2 1 runed translucent door, Crazy Yiuf


Message History

The ufetubus hits you but does no damage.
The ufetubus closely misses you. The hobgoblin hits you.
The goblin barely misses you. The adder bites you but does no damage.
You climb upwards.
Level annotation: 1 runed translucent door, Crazy Yiuf
There is a stone staircase leading down here.
Enter note:
Enter note:
Enter note:
Enter note:
Enter note:
Enter note:
Enter note:
Enter note:
Enter note:
Enter note:
Enter note:
Enter note: You shoot a bolt.
The bolt hits the adder!!
The adder seems to slow down.
The bolt freezes the adder.
You kill the adder!
The ufetubus barely misses you.
The ufetubus hits you but does no damage.
The ufetubus barely misses you.
The ufetubus hits you but does no damage.
The goblin hits you with a +0 dagger.
The hobgoblin hits you but does no damage.
The ufetubus barely misses you. x2; The goblin closely misses you.
The hobgoblin closely misses you.
You shoot a bolt. The bolt hits the ufetubus!!
The bolt freezes the ufetubus.
You kill the ufetubus!
The goblin hits you but does no damage.
The hobgoblin hits you but does no damage.
The goblin hits you with a +0 dagger.
The hobgoblin hits you but does no damage.
You shoot a bolt. The bolt hits the hobgoblin.
The bolt freezes the hobgoblin.
The hobgoblin is severely wounded.
The goblin hits you with a +0 dagger. The hobgoblin hits you.
The goblin hits you with a +0 dagger. The hobgoblin hits you.
You die...

....###.........#####.#.##.#.#.#.
..................##.#.##.#..##.#
........(..........##.#?##.#.[##.
##..................##.#.##.#..##
#.................#.##.#.##..#.#
#................#.#.##.#.##|.#.
##................##.#.##.#.##..#
##..............g..##.#.##.#.#.#.
##.#............@g.###.#.##.#.#.#
...#.......##..%...# ##.#.##.#.##
..##........#......# ##.#.##.##.
..##........######## ##.#.###.#
..##........# ##.#.#.#.
..##........# ##.#.#.#
..#######...# ##.#.## ..# #...#
##.### ..# ##### ###..


You could see a hobgoblin and a goblin.

Vanquished Creatures
  An adder (D:2)
  An ufetubus (D:2)
  A worm (D:2)
  6 ball pythons
  3 endoplasms
  3 giant cockroaches
  3 goblins (D:2)
  2 hobgoblins
  4 jackals (D:1)
  4 kobolds
  2 quokkas
  3 bats
  3 frilled lizards
  4 rats
40 creatures vanquished.

Notes
Turn   | Place    | Note
-------+----------+-------------------------------------------
     0 | D:1      | qw the Deep Elf Hunter began the quest for the Orb.
     0 | D:1      | Reached XP level 1. HP: 12/12 MP: 3/3
     0 | D:1      | 0 ||| qw: Version: 0.3-a-9-g12657ce
     0 | D:1      | 0 ||| qw: Game counter: 3172
     0 | D:1      | 0 ||| qw: Always use a shield: true
     0 | D:1      | 0 ||| qw: God list: Okawaru
     0 | D:1      | 0 ||| qw: Allow faded altars: false
     0 | D:1      | 0 ||| qw: Do Orc after D:15 true
     0 | D:1      | 0 ||| qw: Do second Lair branch before Depths: true
     0 | D:1      | 0 ||| qw: Lair rune preference: random
     0 | D:1      | 0 ||| qw: Plans: Normal
     0 | D:1      | 0 ||| PLANNING D:1-11
    17 | D:1      | HP: 2/12 [quokka (2)]
   121 | D:1      | Reached skill level 6 in Ranged Weapons
   121 | D:1      | Reached XP level 2. HP: 16/16 MP: 4/4
   230 | D:1      | Found a faded altar of an unknown god.
   407 | D:1      | 407 ||| UPGRADING to +0 scale mail.
   417 | D:1      | 417 ||| DROPPING +0 leather armour.
   418 | D:1      | 418 ||| UPGRADING to +0 pair of boots.
   423 | D:1      | 423 ||| READING scroll labelled ZYITHR BES KAOS.
   423 | D:1      | Identified a scroll of acquirement
   423 | D:1      | 423 ||| ACQUIRING +3 hand crossbow of freezing
   423 | D:1      | Acquired a +3 hand crossbow of freezing
   425 | D:1      | 425 ||| SWAPPING to +3 hand crossbow of freezing.
   426 | D:1      | 426 ||| DROPPING +0 shortbow.
   427 | D:1      | 427 ||| READING scroll labelled ICIRRAO OPETIS.
   428 | D:1      | 428 ||| READING 3 scrolls labelled ZENNIZEINO.
   429 | D:1      | 429 ||| READING scroll labelled REFOMO XUQOLU.
   430 | D:1      | 430 ||| READING scroll labelled ZYNUIP QING.
   431 | D:1      | 431 ||| READING 2 scrolls labelled LYAHIN GUIPTE.
   432 | D:1      | 432 ||| READING 2 scrolls of identify.
   432 | D:1      | 432 ||| IDENTIFYING blue potion
   433 | D:1      | 433 ||| DROPPING scroll of butterflies.
   434 | D:1      | 434 ||| DROPPING scroll of blinking.
   631 | D:2      | Reached XP level 3. HP: 20/20 MP: 5/5
   997 | D:2      | Found a runed translucent door.
   998 | D:2      | Noticed Crazy Yiuf
  1272 | D:2      | Reached skill level 7 in Ranged Weapons
  1511 | D:2      | 1511 ||| READING scroll labelled IKUSYONAOGG.
  1512 | D:2      | 1512 ||| READING scroll labelled YRCHUA FUFO.
  1613 | D:2      | 1613 ||| READING 3 scrolls of identify.
  1613 | D:2      | 1613 ||| IDENTIFYING smoky puce potion
  1614 | D:2      | 1614 ||| READING 2 scrolls of identify.
  1614 | D:2      | 1614 ||| IDENTIFYING white potion
  1615 | D:2      | 1615 ||| DROPPING potion of lignification.
  1642 | D:3      | 1642 ||| STAIRDANCE
  1646 | D:2      | HP: 4/20 [hobgoblin (3)]
  1646 | D:2      | Slain by a hobgoblin

Levels and vault maps discovered:
D:1:      nzn_arrival_crosshair, layout_rooms,
          shapermc_ecumenical_altar_mp_vishouse
D:2:      minmay_inner_zag, layout_basic, uniq_crazy_yiuf_cottage
D:3:      layout_loops_cross, minivault_11

Skill      XL: |  1  2  3 |
---------------+----------+-----
Ranged Weapons | 6 7 |  7.3
Fighting       | |  1.5
Dodging        | |  2.4
Stealth        | |  1.2

Action                     || total
---------------------------++-------
   Fire: Shortbow          ||    39
         Hand crossbow     ||    51
    Use: Scroll            ||    11
 Armour: Leather armour    ||     2
         Scale mail        ||    35
  Dodge: Dodged            ||    36

Table legend:
 A = Non-vault XP
 B = Vault XP
 C = Vault XP percentage of total XP
 D = Non-vault monster count
 E = Vault monster count
 F = Vault count percentage of total count
                 A         B        C        D         E       F
            +---------+---------+-------+---------+---------+-------
      Total |      79 |       9 |  10.2 |      34 |       6 |  15.0
            +---------+---------+-------+---------+---------+-------
        D:1 |      29 |       0 |   0.0 |      16 |       0 |   0.0
        D:2 |      50 |       9 |  15.3 |      18 |       6 |  25.0
            +---------+---------+-------+---------+---------+-------
